 Dungeon Crawl Stone Soup version 0.25.1-2-g60ff931df9 (webtiles) character file.

Game seed: 8751928481380297347

890 DearestLeader the Destroyer (level 7, -3/36 HPs)
             Began as a Deep Elf Conjurer on Sept 14, 2020.
             Was an Initiate of Vehumet.
             Killed from afar by an orc (20 damage)
             ... with a bolt of acid
             ... on level 5 of the Dungeon.
             The game lasted 00:13:30 (5181 turns).

DearestLeader the Destroyer (Deep Elf Conjurer)     Turns: 5181, Time: 00:13:30

Health: -3/36      AC:  3    Str:  5    XL:     7   Next: 77%
Magic:  16/26      EV: 15    Int: 22    God:    Vehumet [......]
Gold:   214        SH:  5    Dex: 15    Spells: 7/17 levels left

rFire    . . .     SeeInvis .   y - +1 dagger (freeze)
rCold    . . .     Gourm    .   (no shield)
rNeg     . . .     Faith    .   a - +0 robe
rPois    .         Spirit   .   m - +0 helmet
rElec    .         Reflect  +   (no cloak)
rCorr    .         Harm     .   (no gloves)
MR       .....                  (no boots)
Stlth    +++.......             h - amulet of reflection
HPRegen  0.12/turn              x - ring of stealth
MPRegen  0.20/turn              f - ring of magical power

@: no status effects
A: no striking features
a: Renounce Religion


You were on level 5 of the Dungeon.
You worshipped Vehumet.
Vehumet was noncommittal.
You were not hungry.

You visited 2 branches of the dungeon, and saw 6 of its levels.

You collected 214 gold pieces.

Inventory:

Hand Weapons
 y - a +1 dagger of freezing (weapon)
Armour
 a - a +0 robe (worn)
 g - a +0 leather armour of cold resistance
 m - a +0 helmet (worn)
 q - the cursed +0 buckler of the Arcane {-Tele rPois MR- Dex+9, unknown}
   (You found it on level 5 of the Dungeon)

   It affects your dexterity (+9).
   It protects you from poison.
   It affects your resistance to hostile enchantments.
   It prevents most forms of teleportation.
   It has a curse placed upon it.
Jewellery
 e - a +6 ring of strength
 f - a ring of magical power (right hand)
 h - an amulet of reflection (around neck)
 o - an uncursed ring of flight
 x - a ring of stealth (left hand)
Wands
 n - a wand of clouds (6)
 s - a wand of flame (12)
Scrolls
 i - 3 scrolls of teleportation {unknown}
 j - a scroll of fear
 p - 2 scrolls of magic mapping {unknown}
 t - a scroll of blinking {unknown}
 u - 2 scrolls of enchant armour {unknown}
Potions
 b - 2 potions of mutation
 l - 2 potions of curing
 r - 2 potions of resistance {unknown}
 v - a potion of flight {unknown}
 w - a potion of ambrosia {unknown}
Comestibles
 c - 6 rations
 k - 7 chunks of flesh


   Skills:
 + Level 5.0 Dodging
 - Level 2.4 Stealth
 + Level 5.6 Spellcasting
 * Level 9.0 Conjurations


You had 7 spell levels left.
You knew the following spells:

 Your Spells              Type           Power        Failure   Level  Hunger
a - Magic Dart            Conj           ####         1%          1    None
b - Searing Ray           Conj           #####.       1%          2    None
c - Dazzling Flash        Conj/Hex       ####..       4%          3    ##.....
d - Iskenderun's Mystic   Conj/Tloc      ####....     14%         4    ####...

Your spell library contained the following spells:

 Spells                   Type           Power        Failure   Level  Hunger
 Animate Skeleton         Necr           N/A          10%         1    None
 Apportation              Tloc           #.....       10%         1    None
 Corona                   Hex            #......      10%         1    None
 Summon Small Mammal      Summ           #...         10%         1    None
 Slow                     Hex            #.......     14%         2    None
 Fulminant Prism          Conj/Hex       ####......   14%         4    ####...
 Inner Flame              Hex/Fire       #.......     28%         3    ##.....
 Portal Projectile        Hex/Tloc       #.....       28%         3    ##.....
 Cause Fear               Hex            #.........   67%         4    ####...
 Leda's Liquefaction      Hex/Erth       #.........   67%         4    ####...


Dungeon Overview and Level Annotations

Branches:
Dungeon (5/15)             Temple (1/1) D:4

Altars:
Ashenzari
Elyvilon
Fedhas
Kikubaaqudgha
Nemelex Xobeh
Qazlal
Sif Muna
Trog
Uskayaw
Vehumet
Wu Jian
Yredelemnul


Message History

The magic dart hits the orc.
The orc is lightly wounded.
The orc shouts!
Casting: Magic Dart (safe; 1% risk of failure)
Confirm with . or Enter, or press ? or * to list all spells.
Aiming: Magic Dart (safe; 1% risk of failure)
Press: ? - help, Shift-Dir - straight line, f/p - orc
Aim: an orc, wearing a +0 ring mail and carrying a wand of acid (6) (lightly wounded)
The magic dart hits the orc.
The orc is moderately wounded.
Casting: Magic Dart (safe; 1% risk of failure)
Confirm with . or Enter, or press ? or * to list all spells.
Aiming: Magic Dart (safe; 1% risk of failure)
Press: ? - help, Shift-Dir - straight line, f/p - orc
Aim: an orc, wearing a +0 ring mail and carrying a wand of acid (6) (moderately wounded)
The magic dart hits the orc but does no damage.
The orc is moderately wounded.
The orc zaps a wand.
The bolt of acid hits you!!
Ouch! That really hurt!
You die...

§..§§§§ §..§§§
## §.§.§ . ###
#... #. #.# #..
.# #$.
##.###o###.#
##..##>..##)!..#
...........@..#
#
#..#..........#
#. #..<..(####.#
#..#..#.......
.#
#..#......###.
#.....##.##
#..#..##.# ####
.###..#..##.#
....
............#
####


You could see an orc.

Vanquished Creatures
  3 ogres
  A centaur (D:5)
  A bullfrog (D:5)
  A scorpion (D:5)
  A hound (D:5)
  3 orc wizards
  3 orc priests
  Terence (D:3)
  Ijyb (D:3)
  7 adders
  2 oozes (D:3)
  2 worms
  A dart slug (D:1)
  2 leopard geckos
  18 orcs
  11 giant cockroaches
  4 goblins
  5 hobgoblins (D:3)
  5 jackals
  10 kobolds
  A quokka (D:3)
  A ball python (D:1)
  7 bats
  6 frilled lizards
  A jackal skeleton (D:5)
  6 rats
104 creatures vanquished.

Notes
Turn   | Place    | Note
-------+----------+-------------------------------------------
     0 | D:1      | DearestLeader the Deep Elf Conjurer began the quest for the
                  | Orb.
     0 | D:1      | Reached XP level 1. HP: 10/10 MP: 6/6
   239 | D:1      | Reached XP level 2. HP: 15/15 MP: 6/8
   267 | D:1      | Reached skill level 5 in Conjurations
   937 | D:2      | Found an ornate altar of the Wu Jian Council.
  1182 | D:2      | Reached XP level 3. HP: 19/19 MP: 9/9
  1186 | D:2      | Learned a level 2 spell: Searing Ray
  1190 | D:2      | Learned a level 3 spell: Dazzling Flash
  1813 | D:3      | Found a stormy altar of Qazlal.
  2052 | D:3      | Reached skill level 6 in Conjurations
  2066 | D:3      | Reached XP level 4. HP: 24/24 MP: 10/10
  2344 | D:3      | Reached skill level 7 in Conjurations
  2344 | D:3      | Reached XP level 5. HP: 15/28 MP: 11/11
  2590 | D:3      | Noticed Ijyb
  2596 | D:3      | Killed Ijyb
  3323 | D:3      | Noticed Terence
  3333 | D:3      | Killed Terence
  3656 | D:4      | Learned a level 4 spell: Iskenderun's Mystic Blast
  3729 | D:4      | Found a staircase to the Ecumenical Temple.
  3741 | Temple   | Entered the Ecumenical Temple
  3895 | Temple   | Became a worshipper of Vehumet
  4043 | D:4      | Noticed an ogre
  4049 | D:4      | Killed an ogre
  4049 | D:4      | Reached XP level 6. HP: 32/32 MP: 14/14
  4178 | D:4      | Reached skill level 8 in Conjurations
  4582 | D:5      | Entered Level 5 of the Dungeon
  4582 | D:5      | Noticed a +0 dagger
  4582 | D:5      | Noticed a +0 dagger
  4587 | D:5      | Found a hide-covered altar of Uskayaw.
  4631 | D:5      | Reached XP level 7. HP: 36/36 MP: 16/16
  4665 | D:5      | Got a bloodstained buckler
  4832 | D:5      | Reached skill level 5 in Spellcasting
  5177 | D:5      | Reached skill level 5 in Dodging
  5177 | D:5      | Reached skill level 9 in Conjurations
  5181 | D:5      | Killed from afar by an orc

Illustrated notes

Levels and vault maps discovered:
D:1:      dpeg_arrival_rooms_c, layout_basic
D:2:      layout_loops_ring, lemuel_coloured_pillars_altar
D:3:      minmay_roachtagon, layout_basic, nicolae_qazlal_eye_of_the_storm,
          uniq_terence, uniq_ijyb
D:4:      layout_basic, minmay_temple_entry_proselytizer, minmay_three_crescents
D:5:      layout_loops_ring, dancing_weapons_uskayaw, first_ration,
          kennysheep_pointless_box, nicolae_dithmenos_the_darkroom
Temple:   dpeg_five_rooms_temple

Skill      XL: |  1  2  3  4  5  6  7 |
---------------+----------------------+-----
Conjurations   | 5 6 7 8 9 |  9.0
Dodging        | 3 4 5 |  5.0
Spellcasting   | 4 5 |  5.6
Stealth        | |  2.4

Action                   |  1- 3 |  4- 6 |  7- 9 || total
-------------------------+-------+-------+-------++-------
Melee: Whip              |     5 |       |     1 ||     6
 Cast: Magic Dart        |    65 |    70 |    13 ||   148
       Searing Ray       |     5 |    14 |    10 ||    29
  Use: Scroll            |     6 |     3 |       ||     9
       Potion            |       |     1 |       ||     1
  Eat: Chunk             |     3 |     5 |     2 ||    10
       Ration            |       |     1 |       ||     1
Armor: Robe              |       |       |     1 ||     1
Dodge: Dodged            |    11 |     1 |     5 ||    17
Block: Other             |     3 |       |     1 ||     4
